UAA
SUN PRAIRIE SWALLOWS @ HUNTINGTON BEACH SURF
05/20/2017
 
TOP OF THE 1ST
Sun Prairie Swallows batting - Pitching for Huntington Beach Surf : LHP José Castaneda
Pitching: LHP José Castaneda
Batting: RHB David Morales 0-0: Ball
1-0: Swinging Strike
1-1: Ground out 6-3 (Groundball, 56)
Batting: RHB Joe Runyon 0-0: Fly out, F3 (Popup, 34S)
Batting: LHB John Brewer 0-0: Ball
1-0: Foul Ball, location: 2F
1-1: Foul Ball, location: 2F
1-2: Fly out, F6 (Line Drive, 6M)
Top of the 1st over - 0 run(s), 0 hit(s), 0 error(s), 0 left on base; Sun Prairie 0 - Huntington Beach 0
BOTTOM OF THE 1ST
Huntington Beach Surf batting - Pitching for Sun Prairie Swallows : LHP Brandon Booth
Pitching: LHP Brandon Booth
Batting: RHB Dave Young 0-0: Ball
1-0: Called Strike
1-1: Fly out, F8 (Flyball, 8LM)
Batting: RHB Keith Hatch 0-0: Swinging Strike
0-1: Ball
1-1: Foul Ball, location: 2F
1-2: Ball
2-2: Strikes out swinging
Batting: LHB Bartolo Benítez 0-0: Swinging Strike
0-1: Foul Ball, location: 2F
0-2: Strikes out looking
Bottom of the 1st over - 0 run(s), 0 hit(s), 0 error(s), 0 left on base; Sun Prairie 0 - Huntington Beach 0
TOP OF THE 2ND
Sun Prairie Swallows batting - Pitching for Huntington Beach Surf : LHP José Castaneda
Batting: LHB Héctor Cortéz 0-0: Called Strike
0-1: Ball
1-1: Called Strike
1-2: Foul Ball, location: 2F
1-2: Ball
2-2: Fly out, F4 (Line Drive, 4)
Batting: RHB Stan Pierce 0-0: Called Strike
0-1: Ball
1-1: Ground out 5-3 (Groundball, 5)
Batting: RHB Jon Erickson 0-0: Swinging Strike
0-1: Ball
1-1: Ground out 6-3 (Groundball, 6)
Top of the 2nd over - 0 run(s), 0 hit(s), 0 error(s), 0 left on base; Sun Prairie 0 - Huntington Beach 0
BOTTOM OF THE 2ND
Huntington Beach Surf batting - Pitching for Sun Prairie Swallows : LHP Brandon Booth
Batting: RHB Rafael Abreu 0-0: Called Strike
0-1: DOUBLE (Line Drive, 9LS)
Batting: RHB Brandon Reed 0-0: Ball
1-0: Called Strike
1-1: Ball
2-1: Ball
3-1: Base on Balls
Batting: RHB Bernardo Herrera 0-0: Ball
1-0: Ball
2-0: Ball
3-0: Called Strike
3-1: Base on Balls
Rafael Abreu to third
Brandon Reed to second
Batting: LHB Tony Martínez 0-0: Ball
1-0: Ball
2-0: Ball
3-0: Foul Ball, location: 2F
3-1: SINGLE (Line Drive, 9S)
Rafael Abreu scores
Brandon Reed to third
Bernardo Herrera to second
Batting: RHB Millard Watson 0-0: Called Strike
0-1: GRAND SLAM HOME RUN (Flyball, 7D), Distance : 400 ft
Pitching: RHP Charles Logan
Batting: RHB Juan García 0-0: Called Strike
0-1: Foul Ball, location: 2F
0-2: Ball
1-2: Strikes out swinging
Batting: RHB Dave Young 0-0: Called Strike
0-1: SINGLE (Groundball, 5S)
Batting: RHB Keith Hatch 0-0: Ball
1-0: Foul Ball, location: 2F
1-1: Reached on error, E5 (Groundball, 5)
Dave Young to second
Batting: LHB Bartolo Benítez 0-0: Called Strike
0-1: SINGLE (Groundball, 6MD)
Dave Young to third
Keith Hatch to second
Runner from 3rd tries for Home, SAFE, throw made home
Keith Hatch to third
Bartolo Benítez to second
Batting: RHB Rafael Abreu 0-0: Called Strike
0-1: SINGLE (Groundball, 4MD)
Keith Hatch scores
Bartolo Benítez to third
Runner from 3rd tries for Home, SAFE, throw made home
Rafael Abreu to second
Pitching: RHP Jacob Cox
Batting: RHB Brandon Reed 0-0: Fly out, F9 (Flyball, 9M)
Batting: RHB Bernardo Herrera 0-0: Called Strike
0-1: Called Strike
0-2: Foul Ball, location: 2F
0-2: Ball
1-2: Strikes out looking
Bottom of the 2nd over - 8 run(s), 6 hit(s), 1 error(s), 1 left on base; Sun Prairie 0 - Huntington Beach 8
TOP OF THE 3RD
Sun Prairie Swallows batting - Pitching for Huntington Beach Surf : LHP José Castaneda
Batting: RHB Dave Moulin 0-0: SINGLE (Groundball, 4MS)
Batting: RHB Hubert Dodson 0-0: Ball
1-0: Swinging Strike
1-1: Swinging Strike
1-2: Ball
2-2: Strikes out swinging
Batting: RHB Ron Williams 0-0: Ball
1-0: Called Strike
1-1: Ball
2-1: Ball
Passed Ball!
Dave Moulin to second
3-1: Fly out, F8 (Flyball, 8RM)
Pitching: LHP Jim Unknown
Batting: RHB David Morales 0-0: Called Strike
0-1: Ground out 5-3 (Groundball, 5L)
Top of the 3rd over - 0 run(s), 1 hit(s), 0 error(s), 1 left on base; Sun Prairie 0 - Huntington Beach 8
BOTTOM OF THE 3RD
Huntington Beach Surf batting - Pitching for Sun Prairie Swallows : RHP Jacob Cox
Batting: LHB Tony Martínez 0-0: Ball
1-0: SINGLE (Groundball, 3D)
Batting: RHB Millard Watson 0-0: Ball
1-0: SINGLE (Flyball, 8LS)
Tony Martínez to second
Batting: RHB Juan García 0-0: Swinging Strike
0-1: Ground out 6-3 (Groundball, 6MS)
Tony Martínez to third
Millard Watson to second
Batting: RHB Dave Young 0-0: Called Strike
0-1: Foul Ball, location: 2F
0-2: Ball
1-2: SINGLE (Line Drive, 7S)
Tony Martínez scores
Millard Watson to third
Runner from 3rd tries for Home, SAFE, no throw or cutoff
Batting: RHB Keith Hatch 0-0: Grounds into double play, U6-3 (Groundball, 6M)
Bottom of the 3rd over - 2 run(s), 3 hit(s), 0 error(s), 0 left on base; Sun Prairie 0 - Huntington Beach 10
TOP OF THE 4TH
Sun Prairie Swallows batting - Pitching for Huntington Beach Surf : LHP Jim Unknown
Batting: RHB Joe Runyon 0-0: Called Strike
0-1: Foul Ball, location: 2F
0-2: Ball
1-2: Ground out 5-3 (Groundball, 15S)
Batting: LHB John Brewer 0-0: Called Strike
0-1: Ground out 4-3 (Groundball, 4)
Batting: LHB Héctor Cortéz 0-0: Foul Ball, location: 2F
0-1: Ball
1-1: Called Strike
1-2: Strikes out swinging
Top of the 4th over - 0 run(s), 0 hit(s), 0 error(s), 0 left on base; Sun Prairie 0 - Huntington Beach 10
BOTTOM OF THE 4TH
Huntington Beach Surf batting - Pitching for Sun Prairie Swallows : RHP Jacob Cox
Batting: LHB Bartolo Benítez 0-0: Ground out 4-3 (Groundball, 4)
Batting: RHB Rafael Abreu 0-0: Foul Ball, location: 2F
0-1: Called Strike
0-2: Foul Ball, location: 2F
0-2: Strikes out swinging
Batting: RHB Brandon Reed 0-0: Called Strike
0-1: Ball
1-1: Ball
2-1: Foul Ball, location: 2F
2-2: DOUBLE (Line Drive, 7LS)
Batting: RHB Bernardo Herrera 0-0: Called Strike
0-1: Ball
1-1: Called Strike
1-2: Foul Ball, location: 2F
1-2: Ground out 5-3 (Groundball, 15S)
Bottom of the 4th over - 0 run(s), 1 hit(s), 0 error(s), 1 left on base; Sun Prairie 0 - Huntington Beach 10
TOP OF THE 5TH
Sun Prairie Swallows batting - Pitching for Huntington Beach Surf : LHP Jim Unknown
Batting: RHB Stan Pierce 0-0: Called Strike
0-1: Foul Ball, location: 2F
0-2: Ball
1-2: Ball
2-2: Strikes out swinging
Batting: RHB Jon Erickson 0-0: Ball
1-0: Ground out 1-3 (Groundball, 15)
Batting: RHB Dave Moulin 0-0: Called Strike
0-1: Called Strike
0-2: Ball
1-2: Fly out, F4 (Popup, 8RS)
Top of the 5th over - 0 run(s), 0 hit(s), 0 error(s), 0 left on base; Sun Prairie 0 - Huntington Beach 10
BOTTOM OF THE 5TH
Huntington Beach Surf batting - Pitching for Sun Prairie Swallows : RHP Jacob Cox
Batting: LHB Tony Martínez 0-0: Ball
1-0: Fly out, F9 (Flyball, 89D)
Batting: RHB Millard Watson 0-0: Ball
1-0: Foul Ball, location: 2F
1-1: Ball
2-1: Ball
3-1: Base on Balls
Batting: RHB Juan García 0-0: Fly out, F8 (Flyball, 8RXD)
Batting: RHB Dave Young 0-0: Called Strike
0-1: Foul Ball, location: 2F
0-2: Ball
1-2: DOUBLE (Line Drive, 89XD)
Millard Watson to third
Runner from 3rd tries for Home, SAFE, no throw or cutoff
Pitching: LHP Melvin Ward
Batting: RHB Keith Hatch 0-0: Called Strike
0-1: Ball
1-1: Ball
2-1: Ground out 4-3 (Groundball, 4)
Bottom of the 5th over - 1 run(s), 1 hit(s), 0 error(s), 1 left on base; Sun Prairie 0 - Huntington Beach 11
TOP OF THE 6TH
Sun Prairie Swallows batting - Pitching for Huntington Beach Surf : LHP Jim Unknown
Batting: RHB Hubert Dodson 0-0: Called Strike
0-1: Ball
1-1: Called Strike
1-2: Ball
2-2: Foul Ball, location: 2F
2-2: Strikes out swinging
Batting: RHB Ron Williams 0-0: Ball
1-0: Called Strike
1-1: Called Strike
1-2: SOLO HOME RUN (Flyball, 7D), Distance : 385 ft
Batting: RHB David Morales 0-0: Fly out, F3 (Line Drive, 34)
Batting: RHB Joe Runyon 0-0: Swinging Strike
0-1: Ball
1-1: Foul Ball, location: 2F
1-2: Ball
2-2: Fly out, F6 (Popup, 6MD)
Top of the 6th over - 1 run(s), 1 hit(s), 0 error(s), 0 left on base; Sun Prairie 1 - Huntington Beach 11
BOTTOM OF THE 6TH
Huntington Beach Surf batting - Pitching for Sun Prairie Swallows : LHP Melvin Ward
Batting: LHB Bartolo Benítez 0-0: Called Strike
0-1: Reached on error, E6 (Groundball, 6)
Batting: RHB Rafael Abreu 0-0: Ball
1-0: SINGLE (Groundball, 6MD)
Bartolo Benítez to second
Batting: RHB Brandon Reed 0-0: Ball
1-0: Fielders Choice at 2nd, 3-6 (Groundball, 3)
Bartolo Benítez to third
Batting: RHB Bernardo Herrera 0-0: Called Strike
0-1: Swinging Strike
0-2: Strikes out swinging
Batting: LHB Tony Martínez 0-0: Called Strike
0-1: Ball
1-1: SINGLE (Groundball, 34D)
Bartolo Benítez scores
Brandon Reed to second
Runner from 2nd tries for 3rd, SAFE, no throw or cutoff
Batting: RHB Millard Watson 0-0: Ball
1-0: Foul Ball, location: 2F
1-1: Swinging Strike
1-2: Ball
2-2: Foul Ball, location: 2F
2-2: Ball
3-2: Base on Balls
Tony Martínez to second
Batting: RHB Juan García 0-0: Ball
1-0: SINGLE (Line Drive, 6)
Brandon Reed scores
Tony Martínez to third
Millard Watson to second
Runner from 3rd tries for Home, SAFE, no throw or cutoff
Pitching: RHP Dave Padgett
Batting: RHB Dave Young 0-0: Swinging Strike
0-1: Ball
1-1: Fly out, F6 (Popup, 6D)
Bottom of the 6th over - 3 run(s), 3 hit(s), 1 error(s), 2 left on base; Sun Prairie 1 - Huntington Beach 14
TOP OF THE 7TH
Sun Prairie Swallows batting - Pitching for Huntington Beach Surf : LHP Jim Unknown
Batting: LHB John Brewer 0-0: Ball
1-0: Called Strike
1-1: DOUBLE (Flyball, 9LD)
Batting: LHB Héctor Cortéz 0-0: Called Strike
0-1: Ball
1-1: Fly out, F9 (Line Drive, 9LM)
Pitching: RHP Jim Unknown
Batting: RHB Stan Pierce 0-0: Ball
1-0: Ball
2-0: Foul Ball, location: 2F
2-1: SINGLE (Groundball, 6MD)
John Brewer to third
Batting: RHB Jon Erickson
Pinch Hitting: SHB Troy Grant 0-0: Swinging Strike
0-1: Ball
1-1: Foul Ball, location: 2F
1-2: Ball
2-2: Strikes out looking
Batting: RHB Dave Moulin 0-0: Fly out, F7 (Line Drive, 7LM)
Top of the 7th over - 0 run(s), 2 hit(s), 0 error(s), 2 left on base; Sun Prairie 1 - Huntington Beach 14
BOTTOM OF THE 7TH
Huntington Beach Surf batting - Pitching for Sun Prairie Swallows : RHP Dave Padgett
Now at SS: Troy Grant
Batting: RHB Keith Hatch 0-0: Fly out, F8 (Flyball, 8RM)
Batting: LHB Bartolo Benítez 0-0: Ground out 1-3 (Groundball, 13S)
Batting: RHB Rafael Abreu 0-0: Ball
1-0: SINGLE (Line Drive, 6M)
Batting: RHB Brandon Reed 0-0: Ball
1-0: Foul Ball, location: 2F
1-1: Foul Ball, location: 2F
1-2: Strikes out swinging
Bottom of the 7th over - 0 run(s), 1 hit(s), 0 error(s), 1 left on base; Sun Prairie 1 - Huntington Beach 14
TOP OF THE 8TH
Sun Prairie Swallows batting - Pitching for Huntington Beach Surf : RHP Jim Unknown
Batting: RHB Hubert Dodson 0-0: Ground out 6-3 (Groundball, 6)
Batting: RHB Ron Williams 0-0: Foul Ball, location: 2F
0-1: Ball
1-1: Ground out 5-3 (Groundball, 5S)
Batting: RHB David Morales 0-0: Swinging Strike
0-1: Ball
1-1: SINGLE (Line Drive, 6M)
Batting: RHB Joe Runyon 0-0: Called Strike
0-1: Foul Ball, location: 2F
0-2: Ball
1-2: Strikes out looking
Top of the 8th over - 0 run(s), 1 hit(s), 0 error(s), 1 left on base; Sun Prairie 1 - Huntington Beach 14
BOTTOM OF THE 8TH
Huntington Beach Surf batting - Pitching for Sun Prairie Swallows : RHP Dave Padgett
Batting: RHB Bernardo Herrera 0-0: Ball
1-0: Ball
2-0: Ball
3-0: Called Strike
3-1: Called Strike
3-2: Foul Ball, location: 2F
3-2: Base on Balls
Batting: LHB Tony Martínez 0-0: Ball
1-0: Called Strike
1-1: Fly out, F9 (Flyball, 9LM)
Batting: RHB Millard Watson 0-0: Ball
1-0: Swinging Strike
1-1: Ball
2-1: Foul Ball, location: 2F
2-2: Ball
3-2: Foul Ball, location: 2F
3-2: Foul Ball, location: 2F
3-2: Ground out 5-3 (Groundball, 5S)
Bernardo Herrera to second
Batting: RHB Juan García 0-0: Foul Ball, location: 2F
0-1: Swinging Strike
0-2: Strikes out swinging
Bottom of the 8th over - 0 run(s), 0 hit(s), 0 error(s), 1 left on base; Sun Prairie 1 - Huntington Beach 14
TOP OF THE 9TH
Sun Prairie Swallows batting - Pitching for Huntington Beach Surf : RHP Jim Unknown
Batting: LHB John Brewer 0-0: Foul Ball, location: 2F
0-1: Ball
1-1: DOUBLE (Line Drive, 78D)
Batting: LHB Héctor Cortéz 0-0: Fly out, F7 (Flyball, 7LM)
Batting: RHB Stan Pierce 0-0: Swinging Strike
0-1: Swinging Strike
0-2: Strikes out looking
Pinch Hitting: RHB Jim Unknown 0-0: Foul Ball, location: 2F
0-1: Swinging Strike
0-2: Foul Ball, location: 2F
0-2: Foul Ball, location: 2F
0-2: Ball
Wild Pitch!
John Brewer to third
1-2: Ground out 5-3 (Groundball, 56)
Top of the 9th over - 0 run(s), 1 hit(s), 0 error(s), 1 left on base; Sun Prairie 1 - Huntington Beach 14
This league is powered by Out of the Park Baseball, the baseball management simulation game for PC, Mac and Linux
Saturday, February 27th, 2021 - OOTP Baseball 15.6 Build 34